Map: Abyssal Reef LE

Players

liquidthermy (uThermal) - Winner!

  • Race: Terran Terran
  • League: Grandmaster
  • Spawn Location: 11:00

ДаЭтоЖестко

  • Race: Protoss Protoss
  • League: Grandmaster
  • Spawn Location: 5:00

VOD

Have the link to the VOD?

Description

Time

  • Played on: Jan. 13, 2018, 4:32 p.m.
  • Length: 9:39
Show
View Real Time Build Order
Export as new Build Order

liquidthermy Terran - Winner!

Build Orders: Reaper Expand, MMM Bio 

Get SALT Encoding   

  12  0:01  SCV  
  13  0:13  SCV  
  14  0:17  Supply Depot  
  14  0:25  SCV  
  15  0:38  SCV  
  15  0:40  Barracks  
  16  0:43  Refinery  
  16  0:50  SCV  
  17  1:03  SCV  
  18  1:15  SCV  
  19  1:28  Reaper  
  19  1:29  Orbital Command  
  20  1:40  Command Center  
  20  1:47  Supply Depot  
  20  1:55  SCV  
  20  2:00  Barracks Reactor  
  21  2:07  SCV  
  22  2:19  SCV  
  22  2:22  Command Center  
  23  2:31  SCV  
  24  2:38  Marine x2  
  24  2:39  Barracks  
  24  2:43  SCV  
  27  2:51  Orbital Command  
  27  2:55  SCV  
  28  2:59  Marine  
  28  3:00  Marine  
  28  3:03  Engineering Bay  
  30  3:07  SCV  
  31  3:17  SCV  
  31  3:18  Marine x2  
  31  3:19  SCV  
  35  3:25  Barracks Tech Lab  
  35  3:29  Terran Infantry Weapons Level 1  
  35  3:30  SCV  
  35  3:31  SCV  
  37  3:36  Orbital Command  
  37  3:38  Marine  
  37  3:39  Marine  
  38  3:42  SCV  
  38  3:45  Marauder  
  38  3:46  Stimpack, SCV  
  42  3:52  Bunker  
  42  3:54  SCV  
  43  3:56  Marine x2  
  43  3:59  SCV  
  46  4:03  SCV  
  46  4:04  Refinery  
  46  4:05  Refinery  
  46  4:06  SCV  
  46  4:08  Marauder  
  50  4:11  SCV  
  50  4:14  Marine x2  
  50  4:15  SCV  
  54  4:18  SCV  
  54  4:19  Supply Depot  
  54  4:23  SCV  
  56  4:27  SCV  
  56  4:28  Factory  
  56  4:30  SCV  
  60  4:31  Marauder  
  60  4:32  Marine  
  60  4:36  Refinery  
  60  4:37  Supply Depot  
  61  4:40  Marine  
  61  4:41  SCV x2  
  61  4:42  SCV  
  61  4:43  Supply Depot  
  65  4:50  Marine  
  68  4:53  SCV, Marauder  
  68  4:54  Barracks  
  68  4:59  SCV x2, Marine  
  72  5:00  Supply Depot  
  72  5:05  SCV  
  73  5:07  Marine  
  73  5:11  SCV x2  
  73  5:13  Starport, Factory Reactor  
  76  5:15  Marauder  
  76  5:16  Marine  
  76  5:17  SCV  
  77  5:23  SCV  
  77  5:25  Bunker  
  77  5:28  Terran Infantry Armor Level 1  
  75  5:31  SCV  
  77  5:38  Marine x2  
  77  5:41  Marine  
  80  5:44  SCV  
  80  5:45  SCV  
  80  5:46  Combat Shields  
  80  5:47  SCV  
  75  5:56  SCV  
  70  5:58  Barracks Reactor, SCV  
  70  6:03  Medivac x2, Factory Reactor, Marine x2  
  76  6:05  Marine  
  77  6:16  Barracks  
  77  6:17  Barracks, SCV x2  
  79  6:20  SCV  
  79  6:22  Marine x2  
  82  6:27  Supply Depot, Marauder  
  82  6:30  Supply Depot  
  84  6:33  Medivac x2  
  84  6:36  Marine x2  
  90  6:43  Widow Mine, Armory  
  90  6:46  Orbital Command  
  90  6:47  Marine  
  92  6:48  Supply Depot, Marine  
  92  6:49  Widow Mine, Marauder  
  98  6:54  Marine  
  98  6:57  SCV x2  
  101  7:04  Medivac  
  101  7:05  Medivac, Marine x2  
  101  7:06  Supply Depot, Barracks Tech Lab  
  101  7:07  Barracks Reactor  
  107  7:09  SCV x2  
  107  7:10  Marauder  
  107  7:12  Supply Depot  
  107  7:14  SCV  
  112  7:19  Widow Mine x2  
  112  7:21  SCV  
  117  7:24  Supply Depot  
  117  7:27  Supply Depot, SCV  
  117  7:29  Missile Turret  
  119  7:30  SCV  
  119  7:31  Missile Turret  
  119  7:32  Missile Turret  
  119  7:35  SCV  
  119  7:36  Marine  
  121  7:37  Marine  
  121  7:39  Marine x2  
  121  7:40  SCV  
  121  7:43  SCV  
  121  7:44  Supply Depot, Refinery, Marine  
  126  7:48  Widow Mine  
  126  7:49  Widow Mine  
  131  7:55  SCV  
  132  7:59  Marine  
  132  8:00  Concussive Shells, Marauder x2  
  132  8:02  Command Center  
  137  8:06  Missile Turret, SCV, Marine  
  137  8:09  Marine  
  137  8:10  Supply Depot  
  137  8:11  Liberator x2  
  137  8:12  Widow Mine x2  
  144  8:13  Marine  
  144  8:18  Ghost Academy  
  145  8:20  Supply Depot, Marine x2  
  145  8:21  Marauder  
  148  8:30  Marauder, Marine  
  148  8:32  Marine  
  148  8:33  Supply Depot  
  158  8:35  Marine  
  158  8:42  Widow Mine  
  158  8:43  Marauder  
  158  8:46  Widow Mine  
  158  8:47  Marine  
  165  8:52  Marauder  
  162  9:01  Marine  
  147  9:04  Marauder  
  147  9:07  Barracks  
  147  9:08  Barracks, Marine x3  
  147  9:09  Barracks  
  155  9:10  Widow Mine x2  
  155  9:13  Marauder  
Show
View Real Time Build Order
Export as new Build Order

ДаЭтоЖестко Protoss 

Build Orders: 1 Gate Expand, Blink Stalkers 

Get SALT Encoding   

  12  0:00  Probe  
  13  0:12  Probe  
  14  0:17  Pylon  
  14  0:25  Probe (Chrono Boost)  
  16  0:36  Gateway  
  16  0:37  Probe (Chrono Boost)  
  16  0:42  Probe (Chrono Boost)  
  16  0:46  Assimilator  
  17  0:51  Probe  
  18  1:03  Probe  
  19  1:19  Nexus  
  19  1:23  Probe (Chrono Boost)  
  20  1:32  Probe (Chrono Boost)  
  21  1:35  Cybernetics Core  
  21  1:40  Assimilator  
  21  1:43  Probe  
  22  1:52  Pylon  
  22  1:55  Probe  
  23  2:09  Stalker (Chrono Boost)  
  23  2:10  Probe  
  23  2:12  Warp Gate  
  26  2:22  Probe  
  27  2:24  Twilight Council  
  27  2:31  Probe (Chrono Boost)  
  29  2:37  Stalker  
  29  2:38  Probe (Chrono Boost)  
  29  2:43  Probe (Chrono Boost)  
  32  2:50  Probe x2 (Chrono Boost)  
  34  2:56  Blink (Chrono Boost)  
  34  2:58  Probe  
  34  2:59  Probe  
  36  3:13  Gateway  
  36  3:15  Gateway  
  36  3:20  Stalker  
  36  3:24  Probe  
  36  3:25  Probe  
  40  3:31  Pylon  
  40  3:39  Probe x2  
  42  3:42  Pylon  
  42  3:48  Shield Battery  
  42  3:51  Probe  
  42  3:53  Gateway  
  43  3:56  Probe  
  44  4:06  Robotics Facility  
  44  4:15  Stalker x3  
  50  4:18  Probe x2  
  50  4:21  Pylon  
  52  4:31  Probe  
  52  4:32  Probe  
  52  4:38  Stalker x3  
  60  4:52  Pylon  
  60  4:53  Assimilator  
  60  4:59  Stalker  
  62  5:01  Stalker x2  
  62  5:04  Stalker  
  62  5:05  Probe  
  62  5:06  Probe  
  70  5:07  Pylon  
  70  5:27  Nexus  
  72  5:33  Stalker x3  
  72  5:34  Zealot  
  76  5:37  Probe x2 (Chrono Boost)  
  78  5:47  Probe x2 (Chrono Boost)  
  74  5:55  Probe  
  74  5:56  Probe  
  66  5:59  Forge x2  
  66  6:02  Observer  
  67  6:05  Stalker x3  
  67  6:10  Probe x2  
  75  6:18  Gateway  
  75  6:22  Probe  
  75  6:23  Probe  
  78  6:26  Observer  
  78  6:28  Gateway  
  78  6:29  Gateway  
  78  6:30  Protoss Ground Armor Level 1 (Chrono Boost)  
  78  6:34  Protoss Ground Weapons Level 1 (Chrono Boost)  
  78  6:37  Charge (Chrono Boost)  
  78  6:47  Gateway x2  
  78  6:52  Zealot x3  
  78  6:54  Zealot  
  86  6:58  Probe x2  
  86  7:00  Probe, Pylon  
  89  7:02  Observer  
  90  7:14  Sentry  
  90  7:15  Zealot x4  
  100  7:19  Pylon x2  
  100  7:24  Probe  
  100  7:25  Probe  
  100  7:26  Pylon  
  102  7:31  Zealot x2  
  106  7:42  Photon Cannon  
  106  7:44  Shield Battery  
  106  7:50  Zealot x3  
  106  7:51  Pylon, Stalker x3  
  114  7:55  Zealot x2  
  114  7:58  Observer  
  123  8:01  Pylon  
  123  8:15  Zealot  
  125  8:24  Zealot x7  
  125  8:25  Warp Prism (Chrono Boost)  
  139  8:47  Stalker x4  
  131  8:51  Zealot x4  
  111  9:11  Zealot x8  
  97  9:31  Sentry x2  
  97  9:32  Stalker x4  
  97  9:33  Zealot x2  
Tags
 
Add a new tag
Caveats
  • Supply blocks, unpowered buildings, or Contaminate may cause inaccurate times.
  • Supply counts are checked every 10 seconds.